 Dungeon Crawl Stone Soup version 0.17.0-15-g6d90897 (webtiles) character file.

35 oplop the Stinger (level 3, 0/26 HPs)
             Began as a Merfolk Venom Mage on Nov 10, 2015.
             Slain by an adder (1 damage)
             ... on level 2 of the Dungeon.
             The game lasted 00:03:16 (1081 turns).

oplop the Stinger (Merfolk Venom Mage)              Turns: 1081, Time: 00:03:16

Health: 0/26       AC:  2    Str:  8    XL:     3   Next: 33%
Magic:  2/6        EV: 13    Int: 15    God:
Gold:   108        SH:  0    Dex: 14    Spells: 2 memorised, 4 levels left

rFire  . . .     SeeInvis .     l - +0 dagger (drain)
rCold  . . .     Clarity  .     a - +0 robe
rNeg   . . .     SustAt   .     (no shield)
rPois  .         Gourm    .     (no helmet)
rElec  .         Spirit   .     (no cloak)
rCorr  .         Warding  .     (no gloves)
rMut   .         Stasis   .     (no boots)
MR     .....                    (no amulet)
Stlth  ++........               (no ring)
                                (no ring)

@: very slightly contaminated, not resistant to hostile enchantments, unstealthy
A: change form in water, swift swim
a: no special abilities


You were on level 2 of the Dungeon.
You were hungry.

You visited 1 branch of the dungeon, and saw 2 of its levels.

You collected 108 gold pieces.

Inventory:

Hand Weapons
 j - a +0 dagger
 l - a +0 dagger of draining (weapon)
Armour
 a - a +0 robe (worn)
Scrolls
 f - a scroll of magic mapping {unknown}
 g - a scroll of remove curse {unknown}
 i - a scroll of enchant armour {unknown}
Potions
 d - a potion of cancellation {unknown}
 e - 4 potions of agility {unknown}
Books
 b - a Young Poisoner's Handbook

   Spells                             Type                      Level
   a - Sting                          Conjuration/Poison           1
   b - Cure Poison                    Poison                       2
   c - Mephitic Cloud                 Conjuration/Poison/Air       3
   d - Olgreb's Toxic Radiance        Poison                       4
   e - Venom Bolt                     Conjuration/Poison           5
 k - a book of Beasts

   Spells                             Type                      Level
   a - Summon Butterflies             Summoning                    1
   b - Call Canine Familiar           Summoning                    3
   c - Summon Ice Beast               Ice/Summoning                4
   d - Summon Mana Viper              Hexes/Summoning              5
   e - Summon Hydra                   Summoning                    7
Comestibles
 c - a bread ration
 h - 2 slices of pizza
 m - a beef jerky


   Skills:
 + Level 1.3 Fighting
 + Level 3.1 Dodging
 - Level 2.1 Stealth
 + Level 2.5 Spellcasting
 + Level 4.7 Poison Magic


You had 4 spell levels left.
You knew the following spells:

 Your Spells              Type           Power        Failure   Level  Hunger
a - Sting                 Conj/Pois      #...         10%         1    #......
b - Cure Poison           Pois           ###.......   6%          2    ###....


Dungeon Overview and Level Annotations

Branches:
Dungeon (2/15)

Altars:


Message History

The sting hits the adder.
The adder appears unharmed.
The adder is moderately wounded.
The adder bites you but does no damage.
Unknown command.
Casting: Sting
Confirm with . or Enter, or press ? or * to list all spells.
Aiming: Sting
Press: ? - help, Shift-Dir - straight line, f/p - jackal
Aim: a jackal You miscast Sting.
Nothing appears to happen.
The adder barely misses you.
Unknown command.
Casting: Sting
Confirm with . or Enter, or press ? or * to list all spells.
Aiming: Sting
Press: ? - help, Shift-Dir - straight line, f/p - jackal
Aim: a jackal The sting hits the adder.
The adder is poisoned.
The adder is severely wounded.
The adder barely misses you. The adder bites you.
You die...

.......####..............†)....#
.........#......#####..........#
.....#.#.[............###.######
... #..#....................<.#
. ##....########............#
#....### ###.#..........#
#..#..K## #...############
#..###Sh###......## #...
#hKS@........## #.#.
#..##..........#
.......###..........# ###...##
#..........# #... #..........#
#.. #..........# #. ##........##
#..........# #..........#


You could see an adder, 2 jackals, a ball python and 2 kobolds.

Vanquished Creatures
  An adder (D:2)
  2 bats
  6 giant cockroaches (D:1)
  4 hobgoblins (D:1)
  2 kobolds (D:1)
  A ball python (D:1)
  A giant newt (D:1)
  3 goblins
  3 rats (D:1)
23 creatures vanquished.

Notes
Turn   | Place    | Note
--------------------------------------------------------------
     0 | D:1      | oplop the Merfolk Venom Mage began the quest for the Orb.
     0 | D:1      | Reached XP level 1. HP: 13/13 MP: 3/3
   214 | D:1      | Reached XP level 2. HP: 16/19 MP: 0/5
   942 | D:1      | Learned a level 2 spell: Cure Poison
   966 | D:2      | Reached XP level 3. HP: 25/25 MP: 4/6
   997 | D:2      | Reached skill level 1 in Fighting
  1078 | D:2      | HP: 1/26 [adder (1)]
  1081 | D:2      | Slain by an adder

Action                   || total
-------------------------++-------
Melee: Unarmed           ||    64
       Dagger            ||    31
 Cast: Sting             ||    50
 Stab: Sleeping          ||     1
  Eat: Chunk             ||     1
